 Dungeon Crawl Stone Soup version 0.20.1-1-g8b1a95d (webtiles) character file.

34 Ansu the Skirmisher (level 3, 0/30 HPs)
             Began as a Demonspawn Abyssal Knight on Sept 6, 2017.
             Was a Follower of Lugonu.
             Succumbed to an adder's poison
             ... on level 2 of the Dungeon.
             The game lasted 00:06:12 (1115 turns).

Ansu the Skirmisher (Demonspawn Abyssal Knight)     Turns: 1115, Time: 00:06:13

Health: 0/30       AC:  6    Str: 13    XL:     3   Next: 14%
Magic:  4/4        EV: 11    Int: 13    God:    Lugonu [*.....]
Gold:   46         SH:  0    Dex: 15    Spells: 2/2 levels left

rFire    + . .     SeeInvis .   e - +4 mace
rCold    x . .     Gourm    .   (no shield)
rNeg     . . .     Faith    .   b - +0 leather armour
rPois    .         Spirit   +   (no helmet)
rElec    .         Reflect  .   (no cloak)
rCorr    .         Harm     .   q - +2 pair of gloves {Dex+3}
MR       .....                  (no boots)
Stlth    +.........             (no amulet)
Regen    0.1/turn               d - ring of fire
MPRegen  0.2/turn               (no ring)

@: lethally poisoned (0 -> -4)
A: magic shield, magic regeneration
a: Depart the Abyss, Renounce Religion


You were on level 2 of the Dungeon.
You worshipped Lugonu.
Lugonu was aware of your devotion.
You were hungry.

You visited 1 branch of the dungeon, and saw 2 of its levels.
You visited the Abyss 1 time.

You collected 46 gold pieces.

Inventory:

Hand Weapons
 a - a +1 falchion
 e - a +4 mace (weapon)
 f - a +0 great sword
 p - a +4 short sword
Armour
 b - a +0 leather armour (worn)
 k - a +0 pair of gloves
 m - a +0 centaur barding
 q - a +2 pair of gloves of dexterity (worn)
Jewellery
 d - a ring of fire (left hand)
Scrolls
 i - a scroll of remove curse
 n - a scroll of identify {unknown}
Potions
 g - a potion of agility {unknown}
 o - a potion of brilliance {unknown}
 r - a potion of curing {unknown}
Comestibles
 c - 2 bread rations
 h - 2 royal jellies
 j - 3 fruits
 l - a chunk of flesh


   Skills:
 + Level 3.8 Fighting
 + Level 1.8 Long Blades
 + Level 0.5 Maces & Flails
 + Level 2.1 Armour
 + Level 0.8 Dodging
 + Level 0.2 Stealth
 + Level 2.5 Invocations


You had 2 spell levels left.
You didn't know any spells.

Dungeon Overview and Level Annotations

Branches:
Dungeon (2/15)

Altars:


Innate Abilities, Weirdness & Mutations

When hurt, damage is shared between your health and your magic reserves.
You regenerate magic rapidly.


Message History

* * * LOW HITPOINT WARNING * * *
You feel sick. The bat hits you but does no damage.
You see here a gold piece.
* * * LOW HITPOINT WARNING * * *
You feel sick. The bat hits you but does no damage. The bat hits you.
* * * LOW HITPOINT WARNING * * *
* * * LOW HITPOINT WARNING * * *
You feel sick. The bat barely misses you.
* * * LOW HITPOINT WARNING * * *
You feel sick. The bat closely misses you.
* * * LOW HITPOINT WARNING * * *
You feel sick. The bat barely misses you. The bat hits you but does no damage.
The bat barely misses you. The bat hits you but does no damage.
* * * LOW HITPOINT WARNING * * *
You feel sick. The bat hits you but does no damage. x2
* * * LOW HITPOINT WARNING * * *
You feel sick. The bat hits you but does no damage.
The bat hits you but does no damage.
You die...

. .####### ######### .......#
#.......# .......# ####.......#
.......#######..........#
............b...........#
.......#######..[.......#########
...†.$...w......@...............>
..)..#################.......#.#.
#....# #.......#... ........
#.......###. .......... ####.####
#. #......... #.# #. #.........
#.# #. #..$###### #.# #. ##### #.


You could see a worm and a bat.

Vanquished Creatures
  An adder (D:2)
  An ufetubus (Abyss:2)
  A giant cockroach (D:2)
  4 goblins (D:1)
  6 hobgoblins (D:1)
  A bat (D:1)
  A frilled lizard (D:1)
  2 kobolds (D:1)
  2 rats (D:1)
19 creatures vanquished.

Notes
Turn   | Place    | Note
-------+----------+-------------------------------------------
     0 | Abyss:1  | Ansu the Demonspawn Abyssal Knight began the quest for the Orb.
     0 | Abyss:1  | Reached XP level 1. HP: 18/18 MP: 2/2
   109 | Abyss:2  | Noticed a large abomination
   111 | D:1      | Escaped the Abyss
   215 | D:1      | Gained mutation: When hurt, damage is shared between your health and your magic reserves. [demonic ancestry]
   215 | D:1      | Reached XP level 2. HP: 24/24 MP: 3/3
   715 | D:1      | Reached * piety under Lugonu
  1101 | D:2      | Gained mutation: You regenerate magic rapidly. [demonic ancestry]
  1101 | D:2      | Reached XP level 3. HP: 12/30 MP: 2/4
  1113 | D:2      | HP: 1/30 [poisoned by an adder]
  1115 | D:2      | Succumbed to an adder's poison

Skill      XL: |  1 |
---------------+----+-----
Armour         | 2 |  2.1
Fighting       | |  3.8
Long Blades    | |  1.8
Maces & Flails | |  0.5
Dodging        | |  0.8
Stealth        | |  0.2
Invocations    | |  2.5

Action                   || total
-------------------------++-------
Melee: Mace              ||    35
Invok: Depart the Abyss  ||     1
  Use: Scroll            ||     2
Armor: Leather armour    ||    23
Dodge: Dodged            ||    50
       Rpst.: Falchion   ||     1
